 Dungeon Crawl Stone Soup version 0.17.1-3-g152610e (webtiles) character file.

158 theElss the Conjurer (level 5, -1/28 HPs)
             Began as a Deep Elf Conjurer on Mar 22, 2016.
             Slain by a sky beast (5 damage)
             ... on level 5 of the Dungeon.
             The game lasted 00:13:42 (3570 turns).

theElss the Conjurer (Deep Elf Conjurer)            Turns: 3570, Time: 00:13:44

Health: -1/28      AC:  4    Str:  5    XL:     5   Next: 16%
Magic:  2/13       EV: 12    Int: 21    God:
Gold:   132        SH:  3    Dex: 15    Spells: 4 memorised, 0 levels left

rFire  . . .     SeeInvis .     (no weapon)
rCold  . . .     Clarity  .     a - +0 robe
rNeg   . . .     SustAt   .     d - +0 buckler
rPois  .         Gourm    .     u - +0 helmet
rElec  .         Spirit   .     v - +0 cloak
rCorr  .         Warding  .     (no gloves)
rMut   .         Stasis   .     (no boots)
MR     .....                    (no amulet)
Stlth  ++........               (no ring)
                                (no ring)

@: not resistant to hostile enchantments, unstealthy
A: no striking features
a: no special abilities


You were on level 5 of the Dungeon.
You were not hungry.

You visited 1 branch of the dungeon, and saw 5 of its levels.

You collected 306 gold pieces.
You spent 174 gold pieces at shops.

Inventory:

Armour
 a - a +0 robe (worn)
 d - a +0 buckler (worn)
 u - a +0 helmet (worn)
 v - a +0 cloak (worn)
Jewellery
 n - an uncursed ring of sustain attributes {unknown}
 r - a +5 ring of protection {unknown}
Wands
 y - a wand of invisibility (5)
Scrolls
 e - 3 scrolls of identify
 g - 2 scrolls of noise
 h - 2 scrolls of enchant weapon
 i - 4 scrolls of magic mapping {unknown}
 k - 4 scrolls of teleportation
 l - 2 scrolls of amnesia {unknown}
 m - 2 scrolls of fear {unknown}
 s - a scroll of remove curse {unknown}
 x - a scroll of random uselessness
Potions
 f - 3 potions of curing {unknown}
 j - a potion of magic {unknown}
 o - 3 potions of poison {unknown}
 p - a potion of flight {unknown}
 q - a potion of might {unknown}
 t - 2 potions of ambrosia {unknown}
Books
 b - a book of Conjurations

   Spells                             Type                      Level
   a - Magic Dart                     Conjuration                  1
   b - Searing Ray                    Conjuration                  2
   c - Dazzling Spray                 Conjuration/Hexes            3
   d - Fulminant Prism                Conjuration/Hexes            4
   e - Iskenderun's Mystic Blast      Conjuration                  4
   f - Iskenderun's Battlesphere      Conjuration/Charms           5
Comestibles
 c - 3 bread rations
 w - 2 chunks of flesh


   Skills:
 + Level 3.1 Dodging
 - Level 2.4 Stealth
 + Level 4.2 Spellcasting
 + Level 6.4 Conjurations


You couldn't memorise any spells.
You knew the following spells:

 Your Spells              Type           Power        Failure   Level  Hunger
a - Magic Dart            Conj           ####         1%          1    None
b - Iskenderun's Battles  Conj/Chrm      ###.....     98%         5    ######.
c - Searing Ray           Conj           ####..       2%          2    #......
d - Iskenderun's Mystic   Conj           ####....     17%         4    ####...


Dungeon Overview and Level Annotations

Branches:
Dungeon (5/15)
 Temple: D:4-7

Altars:
Cheibriados
Fedhas
Kikubaaqudgha
Trog

Shops:
D:4 ?


Message History

Something hits you. Something shocks you.
The searing ray hits something.
Something hits you but does no damage.
A sky beast appears from thin air!
Reactivating autopickup.
The sky beast hits you. The sky beast shocks you.
* * * LOW HITPOINT WARNING * * *
The sky beast hits you but does no damage.
Casting: Searing Ray
Confirm with . or Enter, or press ? or * to list all spells.
Aiming: Searing Ray
Press: ? - help, Shift-Dir - straight line, f - sky beast
Aim: a sky beast (severely wounded)
The searing ray hits the sky beast.
The sky beast is severely wounded.
The sky beast flickers out of sight!
Deactivating autopickup; reactivate with Ctrl-A.
Something hits you.
* * * LOW HITPOINT WARNING * * *
Something shocks you.
You die...

### ... #.# #.# #.#####
#.#...##################
........................
#..............#.{..>...
########.....#.#@#######
.......#.........#....
...................#
##..##.#......_....#
.##.#.............. ##
#.........#.#.#
#.......#.....#
...#####...#..## ##..
##..#..+


There were no monsters in sight!

Vanquished Creatures
  A worker ant (D:4)
  4 adders
  4 gnolls (D:3)
  3 worms
  2 orcs (D:3)
  A ball python (D:1)
  4 giant cockroaches
  2 hobgoblins
  4 jackals (D:4)
  7 kobolds
  3 quokkas
  6 bats
  2 giant newts
  6 goblins
  4 rats
53 creatures vanquished.

Notes
Turn   | Place    | Note
--------------------------------------------------------------
     0 | D:1      | theElss the Deep Elf Conjurer began the quest for the Orb.
     0 | D:1      | Reached XP level 1. HP: 10/10 MP: 6/6
   414 | D:1      | Reached XP level 2. HP: 15/15 MP: 6/8
   436 | D:1      | Learned a level 2 spell: Searing Ray
   887 | D:2      | Found an ancient bone altar of Kikubaaqudgha.
  1059 | D:2      | Reached skill level 5 in Conjurations
  1473 | D:2      | Reached XP level 3. HP: 12/19 MP: 7/9
  2231 | D:3      | Reached XP level 4. HP: 24/24 MP: 6/11
  2554 | D:3      | Reached skill level 6 in Conjurations
  2833 | D:2      | Found a snail-covered altar of Cheibriados.
  2965 | D:4      | Found Zin Kamy's Magic Scroll Shoppe.
  2970 | D:4      | Bought a scroll of identify for 24 gold pieces
  2970 | D:4      | Bought a scroll of random uselessness for 12 gold pieces
  2970 | D:4      | Bought a scroll of enchant weapon for 90 gold pieces
  2970 | D:4      | Bought a scroll of teleportation for 36 gold pieces
  2970 | D:4      | Bought a scroll of noise for 12 gold pieces
  3289 | D:3      | Found a blossoming altar of Fedhas.
  3426 | D:4      | Reached XP level 5. HP: 28/28 MP: 7/13
  3504 | D:4      | Learned a level 5 spell: Iskenderun's Battlesphere
  3509 | D:4      | Learned a level 4 spell: Iskenderun's Mystic Blast
  3536 | D:5      | Entered Level 5 of the Dungeon
  3549 | D:5      | Found a bloodstained altar of Trog.
  3559 | D:5      | Noticed a sky beast
  3570 | D:5      | Slain by a sky beast

Action                   |  1- 3 |  4- 6 || total
-------------------------+-------+-------++-------
 Cast: Magic Dart        |    51 |    33 ||    84
       Searing Ray       |     5 |    10 ||    15
  Eat: Chunk             |     4 |     4 ||     8
